[Event "ESTCC-50 2025"]
[Site "Swidnica"]
[Date "2025.04.06"]
[Round "2.1"]
[White "Laszewicz, Pawel"]
[Black "Zych, Marek"]
[Result "1/2-1/2"]
[Annotator "ChessBase"]
[ECO "B33"]
[WhiteElo "2011"]
[BlackElo "1942"]
[PlyCount "91"]
[EventDate "2025.04.05"]
[EventType "team-tourn"]
[EventCountry "POL"]
[SourceTitle "playchess.com"]
[Source "ChessBase"]
[SourceQuality "1"]
[WhiteTeam "Poland"]
[BlackTeam "Poland"]
[WhiteTeamCountry "POL"]
[BlackTeamCountry "POL"]
[TimeControl "40/5400+30:1800+30"]

1. e4 c5 2. Nf3 Nc6 3. d4 cxd4 4. Nxd4 Nf6 5. Nc3 e5 6. Ndb5 d6 7. Bg5 a6 8. Na3 b5 9. Nd5 Be7 10. Bxf6 Bxf6 11. c4 b4 12. Nc2 O-O 13. Qf3 Bg5 14. Bd3 a5 15. h4 Bh6 16. g3 Ne7 17. Nce3 Bxe3 18. Nxe7+ Qxe7 19. Qxe3 Be6 20. O-O Rfc8 21. Rac1 Rc5 22. Rfd1 Qc7 23. b3 f6 24. Bc2 Kf8 25. Rd2 Ke7 26. Rcd1 Ra6 27. Kh2 a4 28. Rd3 axb3 29. axb3 Rca5 30. R3d2 Qc5 31. Qe2 g6 32. g4 h6 33. f3 g5 34. hxg5 hxg5 35. Kg3 Ra1 36. Bb1 Ra8 37. Rh1 Rf8 38. Rd3 Raa8 39. Qf2 Qxf2+ 40. Kxf2 Rh8 41. Rxh8 Rxh8 42. Kg2 Ra8 43. Rd2 Ra3 44. Ba2 Ra5 45. Kg3 Ra3 46. Kg2 1/2-1/2

[Event "ESTCC-50 2025"]
[Site "Swidnica"]
[Date "2025.04.06"]
[Round "2.2"]
[White "Szmyd, Marek"]
[Black "Machlowski, Slawomir"]
[Result "0-1"]
[Annotator "NA"]
[ECO "C00"]
[WhiteElo "1900"]
[BlackElo "1963"]
[PlyCount "52"]
[EventDate "2025.04.05"]
[EventType "team-tourn"]
[EventCountry "POL"]
[SourceTitle "playchess.com"]
[Source "ChessBase"]
[SourceQuality "1"]
[WhiteTeam "Poland"]
[BlackTeam "Czech Republic"]
[WhiteTeamCountry "POL"]
[BlackTeamCountry "CZE"]
[TimeControl "40/5400+30:1800+30"]

1. e4 e6 2. c4 b6 3. d4 Bb4+ 4. Nc3 Bb7 5. Bd3 f5 6. Qc2 Nf6 7. Bg5 h6 8. Bxf6 Qxf6 9. Nge2 O-O 10. exf5 Nc6 11. O-O-O Bxc3 12. Qxc3 exf5 13. f4 a5 14. d5 Nb4 15. Qxf6 Rxf6 16. Bb1 c6 17. a3 Na6 18. Nd4 g6 19. Rhe1 cxd5 20. cxd5 Bxd5 21. Re7 Rc8+ 22. Kd2 Nc5 23. b4 axb4 24. axb4 Nb3+ 25. Nxb3 Bxb3 26. Rc1 Rd6+ 0-1

[Event "ESTCC-50 2025"]
[Site "Swidnica"]
[Date "2025.04.06"]
[Round "2.3"]
[White "Kruczynski, Marek"]
[Black "Stec, Czeslaw"]
[Result "1/2-1/2"]
[Annotator "NA"]
[ECO "B12"]
[WhiteElo "1862"]
[BlackElo "1820"]
[PlyCount "78"]
[EventDate "2025.04.05"]
[EventType "team-tourn"]
[EventCountry "POL"]
[SourceTitle "playchess.com"]
[Source "ChessBase"]
[SourceQuality "1"]
[WhiteTeam "Poland"]
[BlackTeam "Poland"]
[WhiteTeamCountry "POL"]
[BlackTeamCountry "POL"]
[TimeControl "40/5400+30:1800+30"]

1. e4 c6 2. d4 d5 3. e5 Bf5 4. h4 h5 5. Bg5 Qb6 6. Bd3 Bxd3 7. Qxd3 e6 8. Nd2 Qa6 9. Qxa6 Nxa6 10. a3 c5 11. Ngf3 Ne7 12. O-O Nc6 13. c3 cxd4 14. cxd4 Be7 15. b4 Nc7 16. Nb3 f6 17. Bf4 Kd7 18. Rfc1 Rhc8 19. g3 b6 20. Kg2 a5 21. exf6 gxf6 22. Bxc7 Rxc7 23. b5 Nd8 24. Rxc7+ Kxc7 25. a4 Kd7 26. Rc1 Rc8 27. Rxc8 Kxc8 28. Nc1 Nf7 29. Nd3 Bd6 30. Nd2 e5 31. Nb3 e4 32. Ne1 Kd7 33. Nc2 Ke6 34. Ne3 f5 35. Nc1 Nh6 36. Ne2 Ng8 37. Kf1 Ne7 38. Ng2 Ng6 39. Ke1 Bc7 1/2-1/2

[Event "ESTCC-50 2025"]
[Site "Swidnica"]
[Date "2025.04.06"]
[Round "2.4"]
[White "Zaremba, Artur"]
[Black "Szydelko, Kazimierz"]
[Result "1-0"]
[Annotator "ChessBase"]
[ECO "B40"]
[WhiteElo "2133"]
[BlackElo "1798"]
[PlyCount "131"]
[EventDate "2025.04.05"]
[EventType "team-tourn"]
[EventCountry "POL"]
[SourceTitle "playchess.com"]
[Source "ChessBase"]
[SourceQuality "1"]
[WhiteTeam "Poland"]
[BlackTeam "Poland"]
[WhiteTeamCountry "POL"]
[BlackTeamCountry "POL"]
[TimeControl "40/5400+30:1800+30"]

1. e4 c5 2. Nf3 e6 3. d4 cxd4 4. Nxd4 Nf6 5. Bd3 a6 6. O-O Qc7 7. c4 Be7 8. Nc3 d6 9. Be3 O-O 10. Rc1 Nbd7 11. f4 b6 12. Qe2 Bb7 13. b4 Rac8 14. g4 g6 15. g5 Nh5 16. Qg4 Ng7 17. Nf3 f5 18. gxf6 Nxf6 19. Qh3 Nfh5 20. Nd4 Rf6 21. a3 Rcf8 22. Nde2 e5 23. Nd5 Bxd5 24. cxd5 Qb7 25. fxe5 Rxf1+ 26. Rxf1 dxe5 27. Rxf8+ Bxf8 28. Qf1 a5 29. Bd2 Bd6 30. Bb5 axb4 31. axb4 Qe7 32. Qe1 Nf4 33. Nxf4 exf4 34. Bc3 Qg5+ 35. Kh1 f3 36. Bf1 Be5 37. Bxe5 Qxe5 38. Qe3 f2 39. Kg2 Nf5 40. Qd3 Nh4+ 41. Kxf2 Qf4+ 42. Ke2 Qxh2+ 43. Kd1 Qd6 44. e5 Qxe5 45. d6 Qa1+ 46. Kc2 Qa2+ 47. Kc3 Qa3+ 48. Kc4 Qxd3+ 49. Bxd3 Kf7 50. Kd5 Ke8 51. Kc6 Kd8 52. Kxb6 Nf3 53. Kc5 Ne5 54. Be4 Nd7+ 55. Kc6 Ne5+ 56. Kd5 Nd7 57. Bc2 Nb8 58. b5 Kc8 59. Bd1 h5 60. Bc2 g5 61. Bf5+ Kb7 62. Kc5 g4 63. b6 Na6+ 64. Kb5 Nb4 65. Be4+ Kc8 66. b7+ 1-0

[Event "ESTCC-50 2025"]
[Site "Swidnica"]
[Date "2025.04.06"]
[Round "2.5"]
[White "Adams, Michael"]
[Black "Lalic, Susan K"]
[Result "1-0"]
[Annotator "TA"]
[ECO "C17"]
[WhiteElo "2661"]
[BlackElo "2227"]
[PlyCount "81"]
[EventDate "2025.04.05"]
[EventType "team-tourn"]
[EventCountry "POL"]
[SourceTitle "playchess.com"]
[Source "ChessBase"]
[SourceQuality "1"]
[WhiteTeam "England"]
[BlackTeam "England"]
[WhiteTeamCountry "ENG"]
[BlackTeamCountry "ENG"]
[TimeControl "40/5400+30:1800+30"]

1. e4 e6 2. d4 d5 3. Nc3 Bb4 4. e5 c5 5. a3 Ba5 6. b4 cxd4 7. Nb5 Bc7 8. f4 Ne7 9. Nf3 Nbc6 {[%emt 0:04:18] C18: French: 3 Nc3 Bb4: Main line: 7 h4 and 7 Qg4.} 10. Nxc7+ Qxc7 11. Bd3 a6 {[%emt 0:08:16] White has an edge.} 12. O-O {[%emt 0:02:18] White sacrificed a pawn} Bd7 13. Bb2 h6 14. Qd2 (14. Nxd4 Qb6 15. c3 Nxd4 16. cxd4 Bb5 $15) 14... Nf5 15. Bxf5 exf5 16. Bxd4 Nxd4 17. Nxd4 O-O {[%emt 0:02:22] Black is weak on the dark squares} 18. Rf3 Rfc8 19. h3 $146 (19. Rb1 Ba4 20. Rc1 Bd7 {½-½ Mokry,K (2490)-Ambroz,J (2460) Prague op 1986}) 19... a5 20. Rb1 axb4 21. Rxb4 Ra6 22. Rfb3 b5 23. Kh2 Rg6 {[%emt 0:11:14][%csl Ob5] White attacks a weakness} 24. Qd3 Qc5 25. Qf3 (25. Nxf5 Bxf5 26. Qxf5 Qxc2 27. Qxc2 Rxc2 $11) 25... Ra6 26. c3 Ra4 27. Qd3 (27. Nxb5 $2 Rxb4 28. axb4 Qxb5 $19) 27... Rxb4 28. axb4 (28. Rxb4 $6 Qxc3 29. Qxc3 Rxc3 $11) 28... Qa7 29. Qb1 (29. Nxf5 Bxf5 30. Qxf5 Rc4 $11) (29. Nxb5 Qa6 30. e6 fxe6 $19 (30... Bxb5 $2 31. exf7+ Kf8 32. Qxf5 $19)) 29... Rc4 30. Qb2 (30. Nxf5 Qf2 31. Ne7+ Kh8 $19) 30... Qc7 (30... Qa4) 31. Qa1 Kh7 32. Ra3 Qd8 33. Ra7 Be6 34. Qe1 {[%emt 0:01:28] White is much more active.} (34. Nxb5 Rxf4 (34... Qh4 35. g3 $14) 35. Qc1 Qh4 $19) ({White should play} 34. Ra8 Qh4 35. g3 (35. Nxb5 $2 Qxf4+ 36. Kh1 Re4 $19)) 34... Qb6 ({Better is} 34... Qc8) 35. Ra2 $16 Qb8 36. Ra3 Qd8 37. Qg3 Qd7 {[%emt 0:00:51] Black cannot hold the game after this.} (37... Qb6 $16 38. Qf3 Qb7) 38. Ra5 $18 Rc8 39. Nxb5 ({Don't take} 39. Rxb5 Rc4) 39... d4 40. Nxd4 Bd5 {[%emt 0:00:00] [#]} (40... Bc4 $142 41. Qf3 Rc7) 41. Nxf5 $1 {[%emt 0:02:47][%mdl 512] Weighted Error Value: White=0.06 (flawless) /Black=0.22 (precise)   Mistake:       	White=1     	Black=4      Inaccurate:     	White=1     	Black=1      OK:         	White=17    	Black=9      Best:        	White=1     	---} 1-0

[Event "ESTCC-50 2025"]
[Site "Swidnica"]
[Date "2025.04.06"]
[Round "2.6"]
[White "Lauterbach, Ingrid"]
[Black "Emms, John M"]
[Result "0-1"]
[Annotator "ChessBase"]
[ECO "D45"]
[WhiteElo "1998"]
[BlackElo "2411"]
[PlyCount "54"]
[EventDate "2025.04.05"]
[EventType "team-tourn"]
[EventCountry "POL"]
[SourceTitle "playchess.com"]
[Source "ChessBase"]
[SourceQuality "1"]
[WhiteTeam "England"]
[BlackTeam "England"]
[WhiteTeamCountry "ENG"]
[BlackTeamCountry "ENG"]
[TimeControl "40/5400+30:1800+30"]

1. d4 Nf6 2. c4 e6 3. Nf3 d5 4. Nc3 c6 5. e3 Nbd7 6. cxd5 exd5 7. Be2 Bd6 8. Qc2 O-O 9. b3 Re8 10. Bb2 Nf8 11. h3 Ng6 12. O-O-O b5 13. Bd3 a5 14. Bf5 Bxf5 15. Qxf5 a4 16. h4 axb3 17. axb3 Ba3 18. Ne5 Nxe5 19. dxe5 Nd7 20. f4 Nc5 21. Qc2 Qb6 22. Rhe1 Ra7 23. Nb1 Bxb2+ 24. Qxb2 Rea8 25. b4 Ne4 26. Qd4 Qxd4 27. exd4 Ra2 0-1

[Event "ESTCC-50 2025"]
[Site "Swidnica"]
[Date "2025.04.06"]
[Round "2.7"]
[White "Flear, Glenn C"]
[Black "Jackson, Sheila"]
[Result "1-0"]
[Annotator "ChessBase"]
[ECO "E11"]
[WhiteElo "2366"]
[BlackElo "2031"]
[PlyCount "57"]
[EventDate "2025.04.05"]
[EventType "team-tourn"]
[EventCountry "POL"]
[SourceTitle "playchess.com"]
[Source "ChessBase"]
[SourceQuality "1"]
[WhiteTeam "England"]
[BlackTeam "England"]
[WhiteTeamCountry "ENG"]
[BlackTeamCountry "ENG"]
[TimeControl "40/5400+30:1800+30"]

1. d4 Nf6 2. c4 e6 3. Nf3 Bb4+ 4. Nbd2 b6 5. a3 Bxd2+ 6. Qxd2 Bb7 7. e3 a5 8. b3 d6 9. Bb2 Nbd7 10. Bd3 O-O 11. Qc2 Re8 12. O-O-O Qe7 13. Rhg1 e5 14. Nd2 e4 15. Be2 Nf8 16. g4 Ng6 17. Kb1 c5 18. d5 Nd7 19. g5 f5 20. gxf6 Nxf6 21. Rg5 Bc8 22. Rdg1 Ra7 23. Ka2 Qf8 24. h4 Nxh4 25. Bxf6 Qxf6 26. Nxe4 Qf8 27. Rh5 Nf3 28. Nf6+ Qxf6 29. Qxh7+ 1-0

[Event "ESTCC-50 2025"]
[Site "Swidnica"]
[Date "2025.04.06"]
[Round "2.8"]
[White "Fink-Nunn, Petra"]
[Black "Dishman, Stephen"]
[Result "0-1"]
[Annotator "ChessBase"]
[ECO "B12"]
[WhiteElo "1997"]
[BlackElo "2279"]
[PlyCount "60"]
[EventDate "2025.04.05"]
[EventType "team-tourn"]
[EventCountry "POL"]
[SourceTitle "playchess.com"]
[Source "ChessBase"]
[SourceQuality "1"]
[WhiteTeam "England"]
[BlackTeam "England"]
[WhiteTeamCountry "ENG"]
[BlackTeamCountry "ENG"]
[TimeControl "40/5400+30:1800+30"]

1. e4 c6 2. d4 d5 3. e5 Bf5 4. Nf3 e6 5. Be2 Nd7 6. O-O a5 7. a4 f6 8. Nbd2 Nh6 9. Nb3 Nf7 10. exf6 Qxf6 11. c4 Bd6 12. c5 Bc7 13. Bd2 O-O 14. Qc1 e5 15. dxe5 Nfxe5 16. Nbd4 Bd3 17. Bxd3 Nxd3 18. Qc3 N3xc5 19. Bg5 Qf7 20. Bh4 Ne4 21. Qb3 Ndc5 22. Qc2 Rae8 23. Bg3 Bxg3 24. hxg3 Qh5 25. Nh2 Ne6 26. Nxe6 Rxe6 27. g4 Qh4 28. Ra3 Ref6 29. Rh3 Rxf2 30. Qxf2 Qxf2+ 0-1

[Event "ESTCC-50 2025"]
[Site "Swidnica"]
[Date "2025.04.06"]
[Round "2.9"]
[White "Rogowski, Jaroslaw"]
[Black "Bischoff, Klaus"]
[Result "0-1"]
[Annotator "ChessBase"]
[ECO "E21"]
[WhiteElo "2050"]
[BlackElo "2425"]
[PlyCount "74"]
[EventDate "2025.04.05"]
[EventType "team-tourn"]
[EventCountry "POL"]
[SourceTitle "playchess.com"]
[Source "ChessBase"]
[SourceQuality "1"]
[WhiteTeam "Poland"]
[BlackTeam "Germany"]
[WhiteTeamCountry "POL"]
[BlackTeamCountry "GER"]
[TimeControl "40/5400+30:1800+30"]

1. Nf3 Nf6 2. d4 e6 3. c4 b6 4. Nc3 Bb7 5. Bf4 Be7 6. Qc2 d5 7. e3 O-O 8. Bd3 dxc4 9. Bxc4 Nbd7 10. O-O-O c5 11. d5 exd5 12. Nxd5 Nxd5 13. Bxd5 Bxd5 14. Rxd5 Qc8 15. Rhd1 Nf6 16. Re5 Qb7 17. Nh4 Ng4 18. Red5 Bxh4 19. Rh5 g6 20. Rxh4 Qxg2 21. h3 Nf6 22. Be5 Qg5 23. Bxf6 Qxf6 24. Rf4 Qe6 25. h4 Rad8 26. Rg1 Rd5 27. Qa4 Rf5 28. Re4 Qf6 29. f4 Rh5 30. Qxa7 Rxh4 31. Qe7 Qc6 32. Rd1 Rh2 33. f5 Qb5 34. Qe5 Qe2 35. Qc3 b5 36. fxg6 hxg6 37. Re1 Qg2 0-1

[Event "ESTCC-50 2025"]
[Site "Swidnica"]
[Date "2025.04.06"]
[Round "2.10"]
[White "Holzke, Frank"]
[Black "Ograbek, Grzegorz"]
[Result "1-0"]
[Annotator "ChessBase"]
[ECO "C41"]
[WhiteElo "2412"]
[BlackElo "2068"]
[PlyCount "75"]
[EventDate "2025.04.05"]
[EventType "team-tourn"]
[EventCountry "POL"]
[SourceTitle "playchess.com"]
[Source "ChessBase"]
[SourceQuality "1"]
[WhiteTeam "Germany"]
[BlackTeam "Poland"]
[WhiteTeamCountry "GER"]
[BlackTeamCountry "POL"]
[TimeControl "40/5400+30:1800+30"]

1. e4 e5 2. Nf3 d6 3. d4 exd4 4. Nxd4 Nf6 5. Nc3 Be7 6. g3 O-O 7. Bg2 Re8 8. O-O Bf8 9. Bf4 Nbd7 10. Re1 Ne5 11. Qd2 c6 12. Rad1 Ng6 13. Be3 Ng4 14. Bg5 Qb6 15. Na4 Qc7 16. Qc3 h6 17. Bc1 a6 18. h3 Nf6 19. b3 Bd7 20. Nf5 Bxf5 21. exf5 Rxe1+ 22. Rxe1 Ne5 23. Be3 Re8 24. Qd2 b5 25. Nb2 d5 26. Nd3 Ne4 27. Qc1 b4 28. Bf4 Bd6 29. Bxe5 Bxe5 30. Bxe4 dxe4 31. Rxe4 f6 32. Qe3 c5 33. Qxc5 Qxc5 34. Nxc5 Rc8 35. Nxa6 Rxc2 36. Nxb4 Rb2 37. Nd3 Rb1+ 38. Re1 1-0

[Event "ESTCC-50 2025"]
[Site "Swidnica"]
[Date "2025.04.06"]
[Round "2.11"]
[White "Czyz, Andrzej"]
[Black "Boensch, Uwe"]
[Result "0-1"]
[Annotator "TA"]
[ECO "A70"]
[WhiteElo "1985"]
[BlackElo "2465"]
[PlyCount "94"]
[EventDate "2025.04.05"]
[EventType "team-tourn"]
[EventCountry "POL"]
[SourceTitle "playchess.com"]
[Source "ChessBase"]
[SourceQuality "1"]
[WhiteTeam "Poland"]
[BlackTeam "Germany"]
[WhiteTeamCountry "POL"]
[BlackTeamCountry "GER"]
[TimeControl "40/5400+30:1800+30"]

1. d4 Nf6 2. c4 c5 3. d5 e6 4. Nc3 exd5 5. cxd5 d6 6. e4 g6 7. Nf3 Bg7 8. Bd3 O-O 9. O-O Bg4 10. h3 Bxf3 11. Qxf3 Nbd7 12. Bc2 a6 13. a4 Re8 {[%emt 0:02:14] A70: Modern Benoni: 6 e4 g6 7 Nf3.} 14. Re1 c4 $146 (14... Nh5 15. Bd2 Rb8 16. Bd3 Ne5 17. Qe2 Nxd3 18. Qxd3 Qd7 19. a5 b5 20. axb6 Rxb6 {½-½ Maksimovic,B (1891)-Celik,E (1615) Sarajevo Bosna op 45th 2015 (7)}) 15. Be3 Rc8 {[%emt 0:01:05] The position is equal.} 16. Qd1 Nc5 17. Bd4 Nh5 18. Bxg7 Kxg7 19. Qd4+ Kg8 20. g3 {[%emt 0:10:06][%cal Oa4a5] Prevents Nf4.} (20. Qxc4 Nxe4 21. Qb4 Nxc3 22. bxc3 Qg5 $14) 20... Qg5 (20... Qd7 $11) 21. Kh2 (21. Qxc4 Nxg3 22. fxg3 Qxg3+ 23. Kf1 Qxh3+ 24. Ke2 Nxe4 25. Qxe4 Rxe4+ (25... f5 $2 26. Qe6+ Rxe6+ 27. dxe6 $19) 26. Bxe4 Qh2+ 27. Kf1 Qxb2 $19) (21. Re3 $1 $14) 21... Qf6 $11 22. Rad1 (22. Qe3 {with more complications.} b5 23. axb5 axb5 24. Nxb5 Rb8 25. Nc3) 22... Nd7 (22... Rb8 $11) 23. Qxf6 (23. Kg2 $14) 23... Nhxf6 24. Kg2 Rc5 25. f3 b5 26. axb5 axb5 27. Ne2 b4 28. Nd4 (28. b3 $11) 28... b3 $17 {[%emt 0:00:19] Black plays on the queen side and is better} 29. Bb1 {[%emt 0:00:35][%csl Ob1] White has a bad bishop} Nb6 30. Kf2 Na4 31. Rd2 Rb8 32. Ne2 c3 {[%emt 0:03:23] Black is much more active.} 33. bxc3 Nxc3 34. Nxc3 Rxc3 35. Re3 Rc4 36. Rb2 Rcb4 37. Rc3 Nd7 38. Rc6 {[%emt 0:00:01] [#]} Ne5 $1 39. Ra6 (39. Rxd6 $2 {loses.} Nc4 $19) 39... Nc4 40. Re2 Nb6 41. Bd3 (41. h4 $142) 41... b2 $19 42. Re1 Rc8 43. Ke2 $2 (43. Bb1) 43... Rc1 44. Bb1 Rb3 {[%emt 0:05:22] Hoping for ...Nc4.} 45. Ba2 {[%emt 0:09:38] [#]} Nc4 $1 46. Rxc1 (46. Kf2 Ne5) 46... bxc1=Q 47. Bxb3 Qd2+ {[%emt 0:00:19] Weighted Error Value: White=0.67/Black=0.12 (very precise)   Mistake:       	White=5     	Black=2      Inaccurate:     	White=4     	---        OK:         	White=11    	Black=11     Best:        	White=1     	Black=4} 0-1

[Event "ESTCC-50 2025"]
[Site "Swidnica"]
[Date "2025.04.06"]
[Round "2.12"]
[White "Tischbierek, Raj"]
[Black "Wielosz, Jaroslaw"]
[Result "1-0"]
[Annotator "ChessBase"]
[ECO "C50"]
[WhiteElo "2418"]
[BlackElo "1939"]
[PlyCount "85"]
[EventDate "2025.04.05"]
[EventType "team-tourn"]
[EventCountry "POL"]
[SourceTitle "playchess.com"]
[Source "ChessBase"]
[SourceQuality "1"]
[WhiteTeam "Germany"]
[BlackTeam "Poland"]
[WhiteTeamCountry "GER"]
[BlackTeamCountry "POL"]
[TimeControl "40/5400+30:1800+30"]

1. e4 e5 2. Nf3 Nc6 3. Bc4 Bc5 4. d3 Nf6 5. Bg5 h6 6. Bh4 g5 7. Bg3 d6 8. c3 Qe7 9. b4 Bb6 10. a4 a5 11. b5 Nb8 12. Nbd2 Bg4 13. h3 Bh5 14. h4 Bxf3 15. Qxf3 g4 16. Qe2 h5 17. Nf1 Nbd7 18. Ne3 O-O-O 19. Nf5 Qf8 20. O-O Ne8 21. Qa2 Rh7 22. Rad1 Ng7 23. Ne3 f5 24. exf5 Nxf5 25. d4 Nxe3 26. fxe3 Qe7 27. Qc2 Kb8 28. Kh1 Rg7 29. Rf5 Rf8 30. Rxf8+ Nxf8 31. Qf5 Nd7 32. Kh2 Ka7 33. Rf1 Qe8 34. Bf7 Qe7 35. Bxh5 exd4 36. exd4 Qe3 37. Bf7 Qe7 38. Qe6 Qd8 39. Qe8 Qxe8 40. Bxe8 Re7 41. Bh5 Re3 42. Bxg4 Nb8 43. Rf3 1-0

[Event "ESTCC-50 2025"]
[Site "Swidnica"]
[Date "2025.04.06"]
[Round "2.13"]
[White "Buckley, Graeme N"]
[Black "Zeidler, Sven P."]
[Result "0-1"]
[Annotator "ChessBase"]
[ECO "B00"]
[WhiteElo "2268"]
[BlackElo "2143"]
[PlyCount "80"]
[EventDate "2025.04.05"]
[EventType "team-tourn"]
[EventCountry "POL"]
[SourceTitle "playchess.com"]
[Source "ChessBase"]
[SourceQuality "1"]
[WhiteTeam "England"]
[BlackTeam "Wales"]
[WhiteTeamCountry "ENG"]
[BlackTeamCountry "WLS"]
[TimeControl "40/5400+30:1800+30"]

1. e4 Nc6 2. Nf3 d6 3. d4 Nf6 4. Nc3 g6 5. Be3 Bg7 6. Qd2 O-O 7. O-O-O a6 8. Bh6 b5 9. d5 Nb8 10. Bxg7 Kxg7 11. h4 h5 12. Ng5 c6 13. Ne2 cxd5 14. exd5 Nbd7 15. Nf4 Ne5 16. f3 Rh8 17. Kb1 Qb6 18. Be2 Bf5 19. Qd4 Qxd4 20. Rxd4 Rhc8 21. Rc1 Rc5 22. b3 Rac8 23. Bd1 a5 24. Kb2 b4 25. a3 bxa3+ 26. Kxa3 Bd7 27. Kb2 a4 28. Ra1 Rb8 29. Be2 axb3 30. cxb3 Rbc8 31. Ra7 Rc1 32. Bc4 Rh1 33. g3 Rg1 34. Ne2 Nxc4+ 35. Rxc4 Rxc4 36. Nxg1 Rd4 37. Ne4 Nxe4 38. Rxd7 Nxg3 39. Rxe7 Rxh4 40. Ka3 Rh1 0-1

[Event "ESTCC-50 2025"]
[Site "Swidnica"]
[Date "2025.04.06"]
[Round "2.15"]
[White "Duncan, Chris R"]
[Black "Adams, Mark"]
[Result "1-0"]
[Annotator "ChessBase"]
[ECO "B23"]
[WhiteElo "2178"]
[BlackElo "1916"]
[PlyCount "63"]
[EventDate "2025.04.05"]
[EventType "team-tourn"]
[EventCountry "POL"]
[SourceTitle "playchess.com"]
[Source "ChessBase"]
[SourceQuality "1"]
[WhiteTeam "England"]
[BlackTeam "Wales"]
[WhiteTeamCountry "ENG"]
[BlackTeamCountry "WLS"]
[TimeControl "40/5400+30:1800+30"]

1. e4 c5 2. Nc3 a6 3. g3 b5 4. Bg2 Bb7 5. d3 e6 6. Nh3 d6 7. O-O Nc6 8. f4 b4 9. Ne2 Qc7 10. a3 Be7 11. axb4 cxb4 12. d4 Nf6 13. Nf2 O-O 14. Be3 Rfe8 15. g4 Bf8 16. g5 Nd7 17. Ng3 g6 18. Qd2 a5 19. Ng4 Bg7 20. Rad1 Ne7 21. h4 Rac8 22. Rf2 Nb6 23. b3 d5 24. Nf6+ Bxf6 25. gxf6 Nc6 26. e5 Na7 27. Qe2 Qd7 28. f5 Nb5 29. Qg4 Nc7 30. fxg6 hxg6 31. Qg5 Red8 32. h5 1-0

[Event "ESTCC-50 2025"]
[Site "Swidnica"]
[Date "2025.04.06"]
[Round "2.16"]
[White "Hughes, Anthony"]
[Black "Noyce, Robert C"]
[Result "1/2-1/2"]
[Annotator "NA"]
[ECO "A10"]
[WhiteElo "1911"]
[BlackElo "2065"]
[PlyCount "22"]
[EventDate "2025.04.05"]
[EventType "team-tourn"]
[EventCountry "POL"]
[SourceTitle "playchess.com"]
[Source "ChessBase"]
[SourceQuality "1"]
[WhiteTeam "Wales"]
[BlackTeam "England"]
[WhiteTeamCountry "WLS"]
[BlackTeamCountry "ENG"]
[TimeControl "40/5400+30:1800+30"]

1. c4 f5 2. Nc3 Nf6 3. g3 g6 4. Bg2 Bg7 5. d3 O-O 6. e4 fxe4 7. dxe4 d6 8. Nge2 e5 9. O-O Be6 10. b3 Nc6 11. Nd5 Ne7 1/2-1/2